Sasquatch vs Demolitions
(R2)
Created - 14 avril 2014 at 19:03
Goals
|
| Sasquatch |
2 |
1 |
2 |
5 |
| Demolitions |
0 |
1 |
3 |
4 |
|
Shots
|
| Sasquatch |
10 |
7 |
18 |
35 |
| Demolitions |
9 |
5 |
10 |
24 |
|
1st period
1. Sasquatch , Krys Kolanos 27 (Jarkko Ruutu, Cody Franson) at 10:19
2. Sasquatch , D.J King 42 (Jakub Voracek, Kevin Porter) at 16:19
Penalties :
Cal Clutterbuck (Vic) for Hooking (Minor) at 2:16, Matt Ellison (Gat) for Hooking (Minor) at 17:02
2nd period
3. Sasquatch , Kevin Porter 47 (Cody Franson, D.J King) at 0:11
4. Demolitions , Bobby Butler 10 (Andy Rogers, Marcel Hossa) at 16:27 (PP)
Penalties :
Matt Corrente (Vic) for Roughing (Double Minor) at 0:23, Marcel Hossa (Vic) for Slashing (Minor) at 9:06, Nicholas D'Agostino (Vic) for High sticking (Minor) at 11:55, Kevin Shattenkirk (Gat) for Tripping (Minor) at 16:07, Matt Niskanen (Gat) for High sticking (Minor) at 17:50
3rd period
5. Sasquatch , Jakub Voracek 43 (Kevin Porter) at 0:14
6. Demolitions , Marc-André Bernier 8 (Troy Brouwer, Nicolas Blanchard) at 2:28
7. Demolitions , Vince Rocco 2 (Bobby Butler, Spencer Machacek) at 12:21
8. Demolitions , Jordan LaVallee 11 (Cal Clutterbuck, Andy Rogers) at 16:23 (PP)
9. Sasquatch , D.J King 43 (Derek Stepan, Kevin Shattenkirk) at 19:12 (PP)
Penalties :
Cody Franson (Gat) for Slashing (Minor) at 2:35, Troy Brouwer (Vic) for Kneeing (Major) at 6:26, Matt Niskanen (Gat) for Roughing (Minor) at 15:02, Anssi Salmela (Vic) for Tripping (Minor) at 18:32, Andrew Gordon (Gat) for Cross-checking (Minor) at 19:17
Goalie Stats
Anders Lindback (Gat), 20 saves from 24 shots - (0,833), W, 10-9-2, 60:00 minutes
Chad Johnson (Vic), 30 saves from 35 shots - (0,857), L, 18-13-3, 59:18 minutes
Players Stats for Sasquatch
Player Name G A P +/- PIM S H SB GA TA FO MP PP MP PK MP
------------------------------------------------------------------------------------
Andrew Gordon 0 0 0 1 2 1 3 0 0 0 0/0 11:05 1:25 0:00
Chad Kilger 0 0 0 0 0 3 0 0 1 0 0/2 17:29 6:40 2:35
Cody Franson 0 2 2 3 2 1 2 2 2 0 0/0 25:39 8:54 2:21
D.J King 2 1 3 1 0 7 4 0 1 0 1/2 21:29 7:13 2:36
Derek Stepan 0 1 1 0 0 3 2 0 0 0 2/6 15:39 7:17 0:00
Jake Gardiner 0 0 0 3 0 1 2 2 0 2 0/0 25:28 6:05 3:08
Jakub Voracek 1 1 2 1 0 5 0 1 2 0 2/4 17:21 6:40 0:00
Jarkko Ruutu 0 1 1 1 0 2 2 0 0 0 0/2 15:24 1:46 4:13
Jiri Novotny 0 0 0 0 0 0 1 0 1 2 2/3 9:52 0:13 2:29
John McCarthy 0 0 0 0 0 0 0 0 0 0 0/0 7:16 0:09 0:06
Keith Yandle 0 0 0 0 0 1 0 2 0 1 0/0 18:12 5:35 2:31
Kevin Porter 1 2 3 1 0 3 1 0 0 0 18/35 22:07 6:40 4:41
Kevin Shattenkirk 0 1 1 -1 2 1 1 1 0 0 0/0 23:22 8:53 4:48
Konstantin Pushkarev 0 0 0 0 0 0 0 1 1 0 2/2 8:35 1:29 0:00
Krys Kolanos 1 0 1 1 0 3 1 0 1 0 2/4 9:28 0:00 0:00
Matt Ellison 0 0 0 0 2 4 0 0 0 0 0/0 15:37 7:13 0:00
Matt Niskanen 0 0 0 -1 4 0 1 0 0 1 0/0 16:33 1:24 3:15
Rostislav Klesla 0 0 0 0 0 0 0 0 0 0 0/0 10:58 0:19 0:37
Players Stats for Demolitions
Player Name G A P +/- PIM S H SB GA TA FO MP PP MP PK MP
------------------------------------------------------------------------------------
Andy Rogers 0 2 2 -2 0 1 1 1 0 3 0/0 27:29 6:04 6:59
Anssi Salmela 0 0 0 1 2 1 0 0 0 0 0/0 8:34 0:00 0:19
Anthony Stewart 0 0 0 -4 0 1 1 0 0 0 3/5 21:26 4:14 3:47
Anton Babchuk 0 0 0 -1 0 0 2 1 0 0 0/0 19:05 2:16 7:00
Bobby Butler 1 1 2 -2 0 2 0 0 1 0 16/23 17:48 3:18 0:00
Brad Richardson 0 0 0 -1 0 1 0 0 0 0 0/5 6:02 0:00 0:54
Cal Clutterbuck 0 1 1 1 2 1 0 0 0 0 0/1 10:25 1:29 0:00
Jordan LaVallee 1 0 1 0 0 1 0 0 0 0 0/0 6:11 0:36 4:42
Josh Beaulieu 0 0 0 0 0 0 1 0 0 0 0/0 1:34 0:00 1:33
Kyle Cumiskey 0 0 0 -2 0 0 1 1 1 2 0/0 27:46 6:04 6:59
Kyle Wharton 0 0 0 1 0 0 0 0 0 1 0/0 10:38 0:00 2:52
Marc-André Bernier 1 0 1 1 0 1 1 0 0 0 0/0 12:56 3:51 0:00
Marcel Hossa 0 1 1 -4 2 8 2 1 1 0 3/4 23:54 4:02 6:15
Masi Marjamaki 0 0 0 0 0 0 0 0 0 0 0/0 0:10 0:00 0:10
Matt Corrente 0 0 0 -1 4 1 1 1 1 0 0/0 17:31 2:16 5:10
Nicholas D'Agostino 0 0 0 0 2 0 0 0 0 0 0/0 3:34 0:00 0:00
Nicolas Blanchard 0 1 1 1 0 0 3 1 0 0 4/13 19:02 3:48 4:47
Petr Vrana 0 0 0 0 0 1 2 0 0 1 5/8 13:58 0:00 5:42
Robert Bortuzzo 0 0 0 0 0 0 0 0 0 1 0/0 5:26 0:00 1:51
Robert Klinkhammer 0 0 0 0 0 0 0 0 0 0 0/0 0:00 0:00 0:00
Spencer Machacek 0 1 1 0 0 1 0 0 0 0 0/0 8:04 0:15 0:00
Troy Brouwer 0 1 1 1 5 3 1 0 2 1 0/0 14:44 3:27 2:09
Vince Rocco 1 0 1 1 0 1 0 1 0 0 0/1 8:02 0:00 1:11
3 Stars
1 - D.J King (Gat)
2 - Kevin Porter (Gat)
3 - Jakub Voracek (Gat)
Power Play
Sasquatch - 1 on 7 Attempt(s) - 14,29%
Demolitions - 2 on 6 Attempt(s) - 33,33%
Penalty Kill
Sasquatch - 4 on 6 Attempt(s) - 66,67%
- Score 0 goal in Penalty Kill
Demolitions - 6 on 7 Attempt(s) - 85,71%
- Score 0 goal in Penalty Kill
Official
Referees : Kimmerly Greg and Watson Brad
Linesman : Dan Schachte and Tim Nowak
Game Notes
Brad Richardson is injured at 16:09 of 1st period (Bruised Left Arm)
Finance
Level 1 -- Attendance: 1406 (70,30%) -- Ticket Income 49 210 $
Level 2 -- Attendance: 708 (70,80%) -- Ticket Income 10 620 $
Total Attendance: 2114 (70,47%)
Total Ticket Income: 59 830 $
Other Income: 2 992 $
Total Income: 62 822 $
Sasquatch
5 vs 5 Forward
Center Left Wing Right Wing Time % Phy DF OF
1 Kevin Porter D.J King Jakub Voracek 40 1 2 2
2 Derek Stepan Chad Kilger Matt Ellison 30 1 2 2
3 Krys Kolanos Jarkko Ruutu Andrew Gordon 20 1 2 2
4 Jiri Novotny John McCarthy Konstantin Pushkarev 10 1 2 2
5 vs 5 Defense
Defense Defense Time % Phy DF OF
1 Cody Franson Jake Gardiner 40 1 2 2
2 Kevin Shattenkirk Matt Niskanen 30 1 2 2
3 Keith Yandle Rostislav Klesla 20 1 2 2
4 Jake Gardiner Matt Niskanen 10 1 2 2
PowerPlay Forward
Center Left Wing Right Wing Time % Phy DF OF
1 Kevin Porter Chad Kilger Jakub Voracek 60 1 2 2
2 Derek Stepan D.J King Matt Ellison 40 1 2 2
PowerPlay Defense
Defense Defense Time % Phy DF OF
1 Kevin Shattenkirk Cody Franson 60 1 2 2
2 Keith Yandle Jake Gardiner 40 1 2 2
Penalty Kill 4 Players Forward
Center Wing Time % Phy DF OF
1 Kevin Porter Jarkko Ruutu 60 1 2 2
2 Jiri Novotny D.J King 40 1 2 2
Penalty Kill 4 Players Defense
Defense Defense Time % Phy DF OF
1 Kevin Shattenkirk Matt Niskanen 60 1 2 2
2 Cody Franson Jake Gardiner 40 1 2 2
Penalty Kill - 3 Players Forward
Forward Time % Phy DF OF
1 Kevin Porter 60 1 2 2
2 Jiri Novotny 40 1 2 2
Penalty Kill - 3 Players Defense
Defense Defense Time % Phy DF OF
1 Kevin Shattenkirk Matt Niskanen 60 1 2 2
2 Rostislav Klesla Jake Gardiner 40 1 2 2
4 vs 4 Forward
Center Wing Time % Phy DF OF
1 Kevin Porter Jakub Voracek 60 1 2 2
2 Krys Kolanos D.J King 40 1 2 2
4 vs 4 Defense
Defense Defense Time % Phy DF OF
1 Kevin Shattenkirk Cody Franson 60 1 2 2
2 Keith Yandle Jake Gardiner 40 1 2 2
Last Minutes Offensive
Center Left Wing Right Wing Defense Defense
Kevin Porter D.J King Jakub Voracek Cody Franson Kevin Shattenkirk
Last Minutes Defensive
Center Left Wing Right Wing Defense Defense
Kevin Porter D.J King Andrew Gordon Jake Gardiner Cody Franson
Goaltenders
Starting : Anders Lindback
Backup : Cory Schneider
Extra Forwards
Normal : Jiri Novotny, Konstantin Pushkarev, Jakub Voracek - PP : Jarkko Ruutu, Konstantin Pushkarev - PK : Chad Kilger
Extra Defensemen
Normal : Rostislav Klesla, Cody Franson, Jake Gardiner - PP : Matt Niskanen - PK : Cody Franson, Keith Yandle
Penalty Shots
Chad Kilger, Krys Kolanos, Jarkko Ruutu, Matt Ellison, Konstantin Pushkarev
Demolitions
5 vs 5 Forward
Center Left Wing Right Wing Time % Phy DF OF
1 Brad Richardson Marcel Hossa Anthony Stewart 40 1 2 2
2 Nicolas Blanchard Troy Brouwer Marc-André Bernier 30 1 2 2
3 Vince Rocco Bobby Butler Cal Clutterbuck 20 1 2 2
4 Brad Richardson Petr Vrana Spencer Machacek 10 1 2 2
5 vs 5 Defense
Defense Defense Time % Phy DF OF
1 Kyle Cumiskey Andy Rogers 40 1 2 2
2 Anton Babchuk Matt Corrente 30 1 2 2
3 Anssi Salmela Kyle Wharton 20 1 2 2
4 Robert Bortuzzo Nicholas D'Agostino 10 1 2 2
PowerPlay Forward
Center Left Wing Right Wing Time % Phy DF OF
1 Brad Richardson Marcel Hossa Anthony Stewart 60 1 2 2
2 Nicolas Blanchard Troy Brouwer Marc-André Bernier 40 1 2 2
PowerPlay Defense
Defense Defense Time % Phy DF OF
1 Kyle Cumiskey Andy Rogers 60 1 2 2
2 Anton Babchuk Matt Corrente 40 1 2 2
Penalty Kill 4 Players Forward
Center Wing Time % Phy DF OF
1 Brad Richardson Marcel Hossa 60 1 2 2
2 Anthony Stewart Troy Brouwer 40 1 2 2
Penalty Kill 4 Players Defense
Defense Defense Time % Phy DF OF
1 Kyle Cumiskey Andy Rogers 60 1 2 2
2 Anton Babchuk Matt Corrente 40 1 2 2
Penalty Kill - 3 Players Forward
Forward Time % Phy DF OF
1 Brad Richardson 60 1 2 2
2 Marcel Hossa 40 1 2 2
Penalty Kill - 3 Players Defense
Defense Defense Time % Phy DF OF
1 Kyle Cumiskey Andy Rogers 60 1 2 2
2 Anton Babchuk Matt Corrente 40 1 2 2
4 vs 4 Forward
Center Wing Time % Phy DF OF
1 Brad Richardson Marcel Hossa 60 1 2 2
2 Anthony Stewart Troy Brouwer 40 1 2 2
4 vs 4 Defense
Defense Defense Time % Phy DF OF
1 Kyle Cumiskey Andy Rogers 60 1 2 2
2 Anton Babchuk Matt Corrente 40 1 2 2
Last Minutes Offensive
Center Left Wing Right Wing Defense Defense
Brad Richardson Marcel Hossa Anthony Stewart Kyle Cumiskey Andy Rogers
Last Minutes Defensive
Center Left Wing Right Wing Defense Defense
Brad Richardson Marcel Hossa Anthony Stewart Kyle Cumiskey Andy Rogers
Goaltenders
Starting : Chad Johnson
Backup : Antero Niittymaki
Extra Forwards
Normal : Bobby Butler, Cal Clutterbuck, Petr Vrana - PP : Bobby Butler, Cal Clutterbuck - PK : Petr Vrana
Extra Defensemen
Normal : Anssi Salmela, Kyle Wharton, Robert Bortuzzo - PP : Anssi Salmela - PK : Kyle Wharton, Robert Bortuzzo
Penalty Shots
Brad Richardson, Marcel Hossa, Anthony Stewart, Troy Brouwer, Bobby Butler
% Time on Ice - Sasquatch
Lines # - Real PCT - Wanted PCT - Time Play
Normal Forward
1 - 31% - 40% - 11:08
2 - 23% - 30% - 8:27
3 - 26% - 20% - 9:28
4 - 19% - 10% - 6:57
Normal Defense
1 - 38% - 40% - 13:30
2 - 30% - 30% - 10:53
3 - 24% - 20% - 8:41
4 - 8% - 10% - 2:56
PP Forward
1 - 50% - 60% - 7:52
2 - 50% - 40% - 7:43
PP Defense
1 - 59% - 60% - 9:11
2 - 41% - 40% - 6:24
PK Forward
1 - 82% - 60% - 6:52
2 - 18% - 40% - 1:28
PK Defense
1 - 69% - 60% - 5:45
2 - 31% - 40% - 2:35
PK3 Forward
1 - 0% - 60%
2 - 0% - 40%
PK3 Defense
1 - 0% - 60%
2 - 0% - 40%
44 Forward
1 - 0% - 60%
2 - 0% - 40%
44 Defense
1 - 0% - 60%
2 - 0% - 40%
Last Minute Offensive - 0:00
Last Minute Defensive - 0:05
Total
Forward - 60:00
Defense - 60:00
|
% Time on Ice - Demolitions
Lines # - Real PCT - Wanted PCT - Time Play
Normal Forward
1 - 39% - 40% - 13:59
2 - 26% - 30% - 9:21
3 - 14% - 20% - 5:13
4 - 21% - 10% - 7:27
Normal Defense
1 - 39% - 40% - 14:09
2 - 29% - 30% - 10:31
3 - 22% - 20% - 7:46
4 - 10% - 10% - 3:34
PP Forward
1 - 59% - 60% - 4:53
2 - 41% - 40% - 3:27
PP Defense
1 - 73% - 60% - 6:04
2 - 27% - 40% - 2:16
PK Forward
1 - 76% - 60% - 11:48
2 - 24% - 40% - 3:47
PK Defense
1 - 53% - 60% - 8:16
2 - 47% - 40% - 7:19
PK3 Forward
1 - 0% - 60%
2 - 0% - 40%
PK3 Defense
1 - 0% - 60%
2 - 0% - 40%
44 Forward
1 - 0% - 60%
2 - 0% - 40%
44 Defense
1 - 0% - 60%
2 - 0% - 40%
Last Minute Offensive - 0:05
Last Minute Defensive - 0:00
Total
Forward - 60:00
Defense - 60:00
|
Play by Play
1st period
0:01 of 1st period - Marcel Hossa wins face-off versus Kevin Porter in neutral zone.
0:10 of 1st period - Slapshot by Kevin Porter.
0:10 of 1st period - Deflect By D.J King.
0:10 of 1st period - Shot Misses the Net.
0:10 of 1st period - Puck is out of play.
0:11 of 1st period - Nicolas Blanchard wins face-off versus Chad Kilger in Demolitions zone.
0:38 of 1st period - Bobby Butler is hit by Jarkko Ruutu and loses puck.
1:08 of 1st period - Off-side.
1:09 of 1st period - Konstantin Pushkarev wins face-off versus Brad Richardson in neutral zone.
2:06 of 1st period - Slapshot by Chad Kilger.
2:06 of 1st period - Shot Misses the Net.
2:08 of 1st period - Wrist shot by Chad Kilger.
2:08 of 1st period - Stopped by Chad Johnson with a rebound.
2:16 of 1st period - Minor Penalty to Cal Clutterbuck for Hooking.
2:17 of 1st period - Kevin Porter wins face-off versus Brad Richardson in Demolitions zone.
4:16 of 1st period - Penalty to Cal Clutterbuck is over, Cal Clutterbuck is back on ice.
4:48 of 1st period - Snap shot by Bobby Butler.
4:48 of 1st period - Deflect By Vince Rocco.
4:48 of 1st period - Shot Blocked by Keith Yandle.
4:48 of 1st period - Puck is out of play.
4:49 of 1st period - Jiri Novotny wins face-off versus Brad Richardson in Sasquatch zone.
5:44 of 1st period - Slapshot by Marc-André Bernier.
5:44 of 1st period - Shot Misses the Net.
5:46 of 1st period - Slapshot by Anssi Salmela.
5:46 of 1st period - Stopped by Anders Lindback with a rebound.
6:00 of 1st period - Wrist shot by Marcel Hossa.
6:00 of 1st period - Stopped by Anders Lindback with a rebound.
6:50 of 1st period - Snap shot by Brad Richardson.
6:50 of 1st period - Stopped by Anders Lindback with a rebound.
7:25 of 1st period - Snap shot by Troy Brouwer.
7:25 of 1st period - Shot Blocked by Jakub Voracek.
7:50 of 1st period - Wrist shot by Krys Kolanos.
7:50 of 1st period - Stopped by Chad Johnson with a rebound.
8:50 of 1st period - Snap shot by Jakub Voracek.
8:50 of 1st period - Stopped by Chad Johnson with a rebound.
9:00 of 1st period - Wrist shot by Krys Kolanos.
9:00 of 1st period - Stopped by Chad Johnson with a rebound.
9:18 of 1st period - Brad Richardson is hit by Matt Niskanen and loses puck.
9:58 of 1st period - Nicholas D'Agostino is hit by D.J King.
10:12 of 1st period - Matt Corrente is hit by Jake Gardiner and loses puck.
10:19 of 1st period - Snap shot by Krys Kolanos.
10:19 of 1st period - Goal by Krys Kolanos - Sasquatch : 1 - Demolitions : 0.
10:20 of 1st period - Kevin Porter wins face-off versus Nicolas Blanchard in neutral zone.
10:25 of 1st period - Wrist shot by Jakub Voracek.
10:25 of 1st period - Stopped by Chad Johnson with a rebound.
10:27 of 1st period - Slapshot by D.J King.
10:27 of 1st period - Deflect By Andy Rogers.
10:27 of 1st period - Shot Misses the Net.
10:27 of 1st period - Puck is out of play.
10:28 of 1st period - Jakub Voracek wins face-off versus Nicolas Blanchard in Demolitions zone.
10:43 of 1st period - Snap shot by D.J King.
10:43 of 1st period - Stopped by Chad Johnson with a rebound.
11:01 of 1st period - Slapshot by Troy Brouwer.
11:01 of 1st period - Stopped by Anders Lindback without a rebound.
11:02 of 1st period - Kevin Porter wins face-off versus Brad Richardson in Sasquatch zone.
11:07 of 1st period - Wrist shot by Marcel Hossa.
11:07 of 1st period - Stopped by Anders Lindback without a rebound.
11:08 of 1st period - Kevin Porter wins face-off versus Brad Richardson in Sasquatch zone.
11:13 of 1st period - Snap shot by Marcel Hossa.
11:13 of 1st period - Stopped by Anders Lindback with a rebound.
11:15 of 1st period - Slapshot by Brad Richardson.
11:15 of 1st period - Shot Hit the Post.
11:17 of 1st period - Slapshot by Matt Corrente.
11:17 of 1st period - Shot Blocked by Jake Gardiner.
11:30 of 1st period - Off-side.
11:31 of 1st period - Derek Stepan wins face-off versus Nicolas Blanchard in neutral zone.
11:56 of 1st period - Jarkko Ruutu is hit by Kyle Cumiskey and loses puck.
12:37 of 1st period - Snap shot by Petr Vrana.
12:37 of 1st period - Stopped by Anders Lindback with a rebound.
13:20 of 1st period - D.J King is hit by Nicolas Blanchard and loses puck.
13:47 of 1st period - Backhand shot by Cal Clutterbuck.
13:47 of 1st period - Deflect By Bobby Butler.
13:47 of 1st period - Stopped by Anders Lindback with a rebound.
14:27 of 1st period - Snap shot by Kevin Porter.
14:27 of 1st period - Shot Blocked by Vince Rocco.
14:29 of 1st period - Snap shot by Kevin Porter.
14:29 of 1st period - Shot Misses the Net.
15:05 of 1st period - Slapshot by Konstantin Pushkarev.
15:05 of 1st period - Shot Blocked by Matt Corrente.
15:07 of 1st period - Snap shot by Matt Niskanen.
15:07 of 1st period - Shot Misses the Net.
15:09 of 1st period - Slapshot by Andrew Gordon.
15:09 of 1st period - Stopped by Chad Johnson with a rebound.
15:11 of 1st period - Snap shot by Jarkko Ruutu.
15:11 of 1st period - Stopped by Chad Johnson without a rebound.
15:12 of 1st period - Petr Vrana wins face-off versus Krys Kolanos in Demolitions zone.
15:12 of 1st period - Petr Vrana is hit by Krys Kolanos.
15:32 of 1st period - Snap shot by Troy Brouwer.
15:32 of 1st period - Stopped by Anders Lindback without a rebound.
15:33 of 1st period - Nicolas Blanchard wins face-off versus Kevin Porter in Sasquatch zone.
16:08 of 1st period - Brad Richardson is hit by Derek Stepan and loses puck.
16:09 of 1st period - Brad Richardson from Demolitions is injured at 16:09 of 1st period (Bruised Left Arm).
16:10 of 1st period - Kevin Porter wins face-off versus Bobby Butler in Demolitions zone.
16:19 of 1st period - Snap shot by Jakub Voracek.
16:19 of 1st period - Deflect By D.J King.
16:19 of 1st period - Goal by D.J King - Sasquatch : 2 - Demolitions : 0.
16:20 of 1st period - Bobby Butler wins face-off versus Kevin Porter in neutral zone.
16:29 of 1st period - Kevin Porter is hit by Marcel Hossa and loses puck.
16:36 of 1st period - Wrist shot by Anthony Stewart.
16:36 of 1st period - Shot Misses the Net.
17:02 of 1st period - Minor Penalty to Matt Ellison for Hooking.
17:03 of 1st period - Anthony Stewart wins face-off versus Kevin Porter in Sasquatch zone.
18:25 of 1st period - Anthony Stewart is hit by Jiri Novotny and loses puck.
19:02 of 1st period - Penalty to Matt Ellison is over, Matt Ellison is back on ice.
Goals for this period are 2 for Sasquatch vs 0 for Demolitions.
Shots for this period are 10 for Sasquatch vs 9 for Demolitions.
2nd period
0:01 of 2nd period - Bobby Butler wins face-off versus D.J King in neutral zone.
0:09 of 2nd period - Slapshot by Cody Franson.
0:09 of 2nd period - Stopped by Chad Johnson with a rebound.
0:11 of 2nd period - Snap shot by Kevin Porter.
0:11 of 2nd period - Goal by Kevin Porter - Sasquatch : 3 - Demolitions : 0.
0:12 of 2nd period - Kevin Porter wins face-off versus Bobby Butler in neutral zone.
0:14 of 2nd period - Off-side.
0:15 of 2nd period - D.J King wins face-off versus Bobby Butler in neutral zone.
0:18 of 2nd period - Wrist shot by Jakub Voracek.
0:18 of 2nd period - Shot Misses the Net.
0:23 of 2nd period - Double Minor Penalty to Matt Corrente for Roughing.
0:24 of 2nd period - Jakub Voracek wins face-off versus Petr Vrana in Demolitions zone.
0:54 of 2nd period - Snap shot by Derek Stepan.
0:54 of 2nd period - Shot Blocked by Nicolas Blanchard.
2:01 of 2nd period - Cody Franson is hit by Petr Vrana and loses puck.
2:29 of 2nd period - Kyle Wharton is hit by Andrew Gordon and loses puck.
4:23 of 2nd period - Penalty to Matt Corrente is over, Matt Corrente is back on ice.
6:53 of 2nd period - Cal Clutterbuck is hit by Jarkko Ruutu and loses puck.
7:04 of 2nd period - Rostislav Klesla is hit by Troy Brouwer and loses puck.
7:51 of 2nd period - Icing by Keith Yandle.
7:52 of 2nd period - Kevin Porter wins face-off versus Nicolas Blanchard in Sasquatch zone.
8:01 of 2nd period - Snap shot by Jarkko Ruutu.
8:01 of 2nd period - Stopped by Chad Johnson without a rebound.
8:02 of 2nd period - Bobby Butler wins face-off versus Krys Kolanos in Demolitions zone.
8:06 of 2nd period - Off-side.
8:07 of 2nd period - Bobby Butler wins face-off versus Kevin Porter in neutral zone.
8:07 of 2nd period - Bobby Butler is hit by D.J King.
8:37 of 2nd period - Wrist shot by Spencer Machacek.
8:37 of 2nd period - Stopped by Anders Lindback without a rebound.
8:38 of 2nd period - Petr Vrana wins face-off versus Derek Stepan in Sasquatch zone.
9:06 of 2nd period - Minor Penalty to Marcel Hossa for Slashing.
9:07 of 2nd period - Petr Vrana wins face-off versus Kevin Porter in Demolitions zone.
9:33 of 2nd period - Kevin Shattenkirk is hit by Andy Rogers and loses puck.
10:34 of 2nd period - Petr Vrana is hit by Derek Stepan and loses puck.
11:06 of 2nd period - Penalty to Marcel Hossa is over, Marcel Hossa is back on ice.
11:23 of 2nd period - Bobby Butler is hit by Andrew Gordon and loses puck.
11:55 of 2nd period - Minor Penalty to Nicholas D'Agostino for High sticking.
11:56 of 2nd period - Kevin Porter wins face-off versus Petr Vrana in Demolitions zone.
12:11 of 2nd period - Slapshot by Keith Yandle.
12:11 of 2nd period - Stopped by Chad Johnson without a rebound.
12:12 of 2nd period - Petr Vrana wins face-off versus Jakub Voracek in Demolitions zone.
13:37 of 2nd period - Wrist shot by Derek Stepan.
13:37 of 2nd period - Shot Blocked by Kyle Cumiskey.
13:55 of 2nd period - Penalty to Nicholas D'Agostino is over, Nicholas D'Agostino is back on ice.
14:02 of 2nd period - Snap shot by Cal Clutterbuck.
14:02 of 2nd period - Shot Misses the Net.
14:30 of 2nd period - Snap shot by Matt Ellison.
14:30 of 2nd period - Shot Misses the Net.
14:32 of 2nd period - Snap shot by Matt Ellison.
14:32 of 2nd period - Stopped by Chad Johnson with a rebound.
14:34 of 2nd period - Wrist shot by D.J King.
14:34 of 2nd period - Stopped by Chad Johnson with a rebound.
14:36 of 2nd period - Slapshot by Matt Ellison.
14:36 of 2nd period - Stopped by Chad Johnson without a rebound.
14:37 of 2nd period - Krys Kolanos wins face-off versus Bobby Butler in Demolitions zone.
14:51 of 2nd period - Slapshot by Matt Corrente.
14:51 of 2nd period - Stopped by Anders Lindback without a rebound.
14:52 of 2nd period - Konstantin Pushkarev wins face-off versus Nicolas Blanchard in Sasquatch zone.
14:52 of 2nd period - Konstantin Pushkarev is hit by Marc-André Bernier.
14:58 of 2nd period - Snap shot by Troy Brouwer.
14:58 of 2nd period - Shot Blocked by Konstantin Pushkarev.
15:00 of 2nd period - Slapshot by Anton Babchuk.
15:00 of 2nd period - Shot Blocked by Keith Yandle.
15:18 of 2nd period - Bobby Butler is hit by Andrew Gordon and loses puck.
15:40 of 2nd period - Off-side.
15:41 of 2nd period - Jiri Novotny wins face-off versus Cal Clutterbuck in neutral zone.
15:45 of 2nd period - Kevin Shattenkirk is hit by Petr Vrana and loses puck.
16:07 of 2nd period - Minor Penalty to Kevin Shattenkirk for Tripping.
16:08 of 2nd period - Bobby Butler wins face-off versus Jarkko Ruutu in Sasquatch zone.
16:21 of 2nd period - Slapshot by Andy Rogers.
16:21 of 2nd period - Stopped by Anders Lindback without a rebound.
16:22 of 2nd period - Bobby Butler wins face-off versus Kevin Porter in Sasquatch zone.
16:23 of 2nd period - Wrist shot by Marcel Hossa.
16:23 of 2nd period - Shot Misses the Net.
16:25 of 2nd period - Slapshot by Andy Rogers.
16:25 of 2nd period - Shot Blocked by Cody Franson.
16:27 of 2nd period - Wrist shot by Bobby Butler.
16:27 of 2nd period - Goal by Bobby Butler - Sasquatch : 3 - Demolitions : 1.
16:28 of 2nd period - Bobby Butler wins face-off versus Kevin Porter in neutral zone.
17:21 of 2nd period - Kevin Shattenkirk is hit by Matt Corrente and loses puck.
17:50 of 2nd period - Minor Penalty to Matt Niskanen for High sticking.
17:51 of 2nd period - Bobby Butler wins face-off versus Kevin Porter in Sasquatch zone.
17:52 of 2nd period - Snap shot by Marcel Hossa.
17:52 of 2nd period - Stopped by Anders Lindback without a rebound.
17:53 of 2nd period - Bobby Butler wins face-off versus Kevin Porter in Sasquatch zone.
18:00 of 2nd period - Marcel Hossa is hit by Jake Gardiner and loses puck.
19:50 of 2nd period - Penalty to Matt Niskanen is over, Matt Niskanen is back on ice.
Goals for this period are 1 for Sasquatch vs 1 for Demolitions.
Shots for this period are 7 for Sasquatch vs 5 for Demolitions.
3rd period
0:01 of 3rd period - Bobby Butler wins face-off versus Jakub Voracek in neutral zone.
0:06 of 3rd period - Snap shot by Jakub Voracek.
0:06 of 3rd period - Stopped by Chad Johnson with a rebound.
0:08 of 3rd period - Wrist shot by D.J King.
0:08 of 3rd period - Shot Misses the Net.
0:10 of 3rd period - Slapshot by Jake Gardiner.
0:10 of 3rd period - Stopped by Chad Johnson with a rebound.
0:12 of 3rd period - Wrist shot by Kevin Porter.
0:12 of 3rd period - Stopped by Chad Johnson without a rebound.
0:13 of 3rd period - Kevin Porter wins face-off versus Bobby Butler in Demolitions zone.
0:14 of 3rd period - Wrist shot by Jakub Voracek.
0:14 of 3rd period - Goal by Jakub Voracek - Sasquatch : 4 - Demolitions : 1.
0:15 of 3rd period - Bobby Butler wins face-off versus Kevin Porter in neutral zone.
0:15 of 3rd period - Bobby Butler is hit by Cody Franson.
0:31 of 3rd period - Slapshot by Marcel Hossa.
0:31 of 3rd period - Shot Misses the Net.
0:41 of 3rd period - Derek Stepan is hit by Nicolas Blanchard and loses puck.
0:50 of 3rd period - Wrist shot by Chad Kilger.
0:50 of 3rd period - Deflect By Derek Stepan.
0:50 of 3rd period - Stopped by Chad Johnson without a rebound.
0:51 of 3rd period - Kevin Porter wins face-off versus Bobby Butler in Demolitions zone.
0:54 of 3rd period - Snap shot by D.J King.
0:54 of 3rd period - Stopped by Chad Johnson with a rebound.
0:56 of 3rd period - Slapshot by Kevin Shattenkirk.
0:56 of 3rd period - Stopped by Chad Johnson without a rebound.
0:57 of 3rd period - Bobby Butler wins face-off versus Kevin Porter in Demolitions zone.
1:43 of 3rd period - Icing by Kyle Cumiskey.
1:44 of 3rd period - Krys Kolanos wins face-off versus Bobby Butler in Demolitions zone.
1:47 of 3rd period - Wrist shot by Jarkko Ruutu.
1:47 of 3rd period - Shot Misses the Net.
2:08 of 3rd period - Off-side.
2:09 of 3rd period - Kevin Porter wins face-off versus Nicolas Blanchard in neutral zone.
2:11 of 3rd period - Off-side.
2:12 of 3rd period - Kevin Porter wins face-off versus Nicolas Blanchard in neutral zone.
2:15 of 3rd period - Nicolas Blanchard is hit by Kevin Porter and loses puck.
2:28 of 3rd period - Snap shot by Marc-André Bernier.
2:28 of 3rd period - Goal by Marc-André Bernier - Sasquatch : 4 - Demolitions : 2.
2:29 of 3rd period - Bobby Butler wins face-off versus Kevin Porter in neutral zone.
2:35 of 3rd period - Minor Penalty to Cody Franson for Slashing.
2:36 of 3rd period - Kevin Porter wins face-off versus Marcel Hossa in Sasquatch zone.
2:36 of 3rd period - Kevin Porter is hit by Anthony Stewart.
2:47 of 3rd period - Slapshot by Kyle Cumiskey.
2:47 of 3rd period - Shot Blocked by Kevin Shattenkirk.
3:54 of 3rd period - Matt Corrente is hit by Kevin Shattenkirk and loses puck.
4:35 of 3rd period - Penalty to Cody Franson is over, Cody Franson is back on ice.
6:17 of 3rd period - Kevin Shattenkirk is hit by Nicolas Blanchard and loses puck.
6:26 of 3rd period - Major Penalty to Troy Brouwer for Kneeing.
6:27 of 3rd period - Petr Vrana wins face-off versus Chad Kilger in Demolitions zone.
6:38 of 3rd period - Wrist shot by Jakub Voracek.
6:38 of 3rd period - Shot Misses the Net.
6:40 of 3rd period - Slapshot by Jakub Voracek.
6:40 of 3rd period - Stopped by Chad Johnson with a rebound.
6:42 of 3rd period - Slapshot by Jakub Voracek.
6:42 of 3rd period - Deflect By Kevin Porter.
6:42 of 3rd period - Stopped by Chad Johnson with a rebound.
6:52 of 3rd period - Snap shot by Derek Stepan.
6:52 of 3rd period - Stopped by Chad Johnson with a rebound.
6:54 of 3rd period - Snap shot by Matt Ellison.
6:54 of 3rd period - Deflect By D.J King.
6:54 of 3rd period - Stopped by Chad Johnson with a rebound.
6:56 of 3rd period - Slapshot by Jake Gardiner.
6:56 of 3rd period - Shot Blocked by Marcel Hossa.
6:58 of 3rd period - Wrist shot by Matt Ellison.
6:58 of 3rd period - Deflect By Marcel Hossa.
6:58 of 3rd period - Shot Misses the Net.
6:58 of 3rd period - Puck is out of play.
6:59 of 3rd period - Derek Stepan wins face-off versus Nicolas Blanchard in Demolitions zone.
7:06 of 3rd period - Snap shot by Matt Ellison.
7:06 of 3rd period - Stopped by Chad Johnson with a rebound.
7:14 of 3rd period - Slapshot by Keith Yandle.
7:14 of 3rd period - Shot Misses the Net.
7:16 of 3rd period - Slapshot by Keith Yandle.
7:16 of 3rd period - Deflect By Derek Stepan.
7:16 of 3rd period - Stopped by Chad Johnson without a rebound.
7:17 of 3rd period - Anthony Stewart wins face-off versus Kevin Porter in Demolitions zone.
7:53 of 3rd period - Wrist shot by Matt Ellison.
7:53 of 3rd period - Stopped by Chad Johnson with a rebound.
7:55 of 3rd period - Slapshot by Matt Ellison.
7:55 of 3rd period - Shot Misses the Net.
7:57 of 3rd period - Snap shot by Matt Ellison.
7:57 of 3rd period - Shot Misses the Net.
8:16 of 3rd period - Off-side.
8:17 of 3rd period - Nicolas Blanchard wins face-off versus Derek Stepan in neutral zone.
9:03 of 3rd period - Matt Ellison is hit by Marcel Hossa and loses puck.
9:36 of 3rd period - Nicolas Blanchard is hit by D.J King and loses puck.
9:53 of 3rd period - Keith Yandle is hit by Anton Babchuk and loses puck.
10:20 of 3rd period - Matt Corrente is hit by Cody Franson and loses puck.
10:33 of 3rd period - Kevin Porter is hit by Josh Beaulieu and loses puck.
11:26 of 3rd period - Penalty to Troy Brouwer is over, Troy Brouwer is back on ice.
11:33 of 3rd period - Slapshot by Kyle Cumiskey.
11:33 of 3rd period - Shot Misses the Net.
12:03 of 3rd period - Wrist shot by Bobby Butler.
12:03 of 3rd period - Shot Blocked by Cody Franson.
12:17 of 3rd period - Snap shot by Bobby Butler.
12:17 of 3rd period - Shot Misses the Net.
12:19 of 3rd period - Wrist shot by Vince Rocco.
12:19 of 3rd period - Shot Misses the Net.
12:21 of 3rd period - Snap shot by Vince Rocco.
12:21 of 3rd period - Goal by Vince Rocco - Sasquatch : 4 - Demolitions : 3.
12:22 of 3rd period - Kevin Porter wins face-off versus Vince Rocco in neutral zone.
12:27 of 3rd period - Vince Rocco is hit by D.J King and loses puck.
12:36 of 3rd period - Slapshot by Cal Clutterbuck.
12:36 of 3rd period - Stopped by Anders Lindback without a rebound.
12:37 of 3rd period - Anthony Stewart wins face-off versus Derek Stepan in Sasquatch zone.
12:42 of 3rd period - Snap shot by Marcel Hossa.
12:42 of 3rd period - Stopped by Anders Lindback without a rebound.
12:43 of 3rd period - Bobby Butler wins face-off versus Derek Stepan in Sasquatch zone.
12:44 of 3rd period - Slapshot by Anthony Stewart.
12:44 of 3rd period - Shot Blocked by Jake Gardiner.
12:54 of 3rd period - Snap shot by Chad Kilger.
12:54 of 3rd period - Stopped by Chad Johnson without a rebound.
12:55 of 3rd period - Kevin Porter wins face-off versus Anthony Stewart in Demolitions zone.
12:56 of 3rd period - Snap shot by D.J King.
12:56 of 3rd period - Stopped by Chad Johnson with a rebound.
14:25 of 3rd period - Snap shot by Jarkko Ruutu.
14:25 of 3rd period - Shot Misses the Net.
14:49 of 3rd period - Wrist shot by Anthony Stewart.
14:49 of 3rd period - Deflect By Marcel Hossa.
14:49 of 3rd period - Stopped by Anders Lindback without a rebound.
14:50 of 3rd period - Kevin Porter wins face-off versus Nicolas Blanchard in Sasquatch zone.
14:57 of 3rd period - Snap shot by Troy Brouwer.
14:57 of 3rd period - Stopped by Anders Lindback with a rebound.
15:02 of 3rd period - Minor Penalty to Matt Niskanen for Roughing.
15:03 of 3rd period - Nicolas Blanchard wins face-off versus Jiri Novotny in Sasquatch zone.
15:19 of 3rd period - Snap shot by Kevin Porter.
15:19 of 3rd period - Shot Misses the Net.
15:21 of 3rd period - Slapshot by Keith Yandle.
15:21 of 3rd period - Shot Misses the Net.
16:23 of 3rd period - Snap shot by Jordan LaVallee.
16:23 of 3rd period - Goal by Jordan LaVallee - Sasquatch : 4 - Demolitions : 4.
16:24 of 3rd period - Kevin Porter wins face-off versus Anthony Stewart in neutral zone.
16:49 of 3rd period - Matt Niskanen is hit by Anton Babchuk and loses puck.
16:56 of 3rd period - Slapshot by Cal Clutterbuck.
16:56 of 3rd period - Shot Misses the Net.
17:56 of 3rd period - Wrist shot by Chad Kilger.
17:56 of 3rd period - Shot Blocked by Andy Rogers.
18:32 of 3rd period - Minor Penalty to Anssi Salmela for Tripping.
18:33 of 3rd period - Kevin Porter wins face-off versus Petr Vrana in Demolitions zone.
18:36 of 3rd period - Slapshot by Kevin Shattenkirk.
18:36 of 3rd period - Deflect By Chad Kilger.
18:36 of 3rd period - Stopped by Chad Johnson without a rebound.
18:37 of 3rd period - Marcel Hossa wins face-off versus Kevin Porter in Demolitions zone.
18:44 of 3rd period - Snap shot by Petr Vrana.
18:44 of 3rd period - Deflect By Marcel Hossa.
18:44 of 3rd period - Stopped by Anders Lindback with a rebound.
19:10 of 3rd period - Snap shot by Derek Stepan.
19:10 of 3rd period - Shot Blocked by Anton Babchuk.
19:12 of 3rd period - Slapshot by D.J King.
19:12 of 3rd period - Goal by D.J King - Sasquatch : 5 - Demolitions : 4.
19:13 of 3rd period - Bobby Butler wins face-off versus Kevin Porter in neutral zone.
19:17 of 3rd period - Minor Penalty to Andrew Gordon for Cross-checking.
19:18 of 3rd period - Marcel Hossa wins face-off versus Kevin Porter in Sasquatch zone.
19:18 of 3rd period - Demolitions, Chad Johnson is pulled from the net.
19:30 of 3rd period - Wrist shot by Anthony Stewart.
19:30 of 3rd period - Shot Misses the Net.
19:32 of 3rd period - Snap shot by Anthony Stewart.
19:32 of 3rd period - Deflect By Marcel Hossa.
19:32 of 3rd period - Stopped by Anders Lindback without a rebound.
19:33 of 3rd period - John MacLean call a timeout for Demolitions.
19:33 of 3rd period - Bobby Butler wins face-off versus Jarkko Ruutu in Sasquatch zone.
19:38 of 3rd period - Slapshot by Marcel Hossa.
19:38 of 3rd period - Deflect By Anthony Stewart.
19:38 of 3rd period - Stopped by Anders Lindback with a rebound.
19:40 of 3rd period - Snap shot by Marcel Hossa.
19:40 of 3rd period - Shot Misses the Net.
Goals for this period are 2 for Sasquatch vs 3 for Demolitions.
Shots for this period are 18 for Sasquatch vs 10 for Demolitions.
Output by the SimonT Hockey Simulator (STHS) for François Prévost -- Original Page W3C XHTML 1.0 Valid